 Dungeon Crawl Stone Soup version 0.24-a0-280-g7cec4da (webtiles) character file.

Game seed: 795250156594037473

137 CleoDaCat the Skirmisher (level 5, -9/55 HPs)
             Began as an Ogre Fighter on May 8, 2019.
             Killed by divine providence
             ... invoked by an orc priest
              (12 damage)
             ... on level 3 of the Dungeon.
             The game lasted 00:13:51 (1724 turns).

CleoDaCat the Skirmisher (Ogre Fighter)             Turns: 1724, Time: 00:13:52

Health: -9/55      AC:  3    Str: 21    XL:     5   Next: 20%
Magic:  14/14      EV:  8    Int:  9    God:
Gold:   60         SH:  8    Dex:  8    Spells: 4/4 levels left

rFire    . . .     SeeInvis .   a - +0 trident
rCold    . . .     Gourm    .   c - +0 shield
rNeg     . . .     Faith    .   b - +0 robe
rPois    .         Spirit   .   (helmet restricted)
rElec    .         Reflect  .   (no cloak)
rCorr    .         Harm     .   (gloves unavailable)
MR       .....                  (boots unavailable)
Stlth    +.........             p - amulet of rage
HPRegen  0.18/turn              l - ring of wizardry
MPRegen  0.14/turn              n - ring of magical power

@: no status effects
A: large, unfitting armour, tough skin 1
a: Evoke Berserk Rage


You were on level 3 of the Dungeon.
You were not hungry.

You visited 1 branch of the dungeon, and saw 3 of its levels.

You collected 60 gold pieces.

Inventory:

Hand Weapons
 a - a +0 trident (weapon)
Armour
 b - a +0 robe (worn)
 c - a +0 shield (worn)
Jewellery
 l - a ring of wizardry (left hand)
 n - a ring of magical power (right hand)
 p - an amulet of rage (around neck)
Wands
 s - a wand of polymorph (8)
Scrolls
 f - a scroll of identify {unknown}
 g - a scroll of fear {unknown}
 j - a scroll of immolation {unknown}
 k - a scroll of enchant weapon {unknown}
 m - 2 scrolls of remove curse {unknown}
 o - a scroll of teleportation {unknown}
 q - a scroll of amnesia {unknown}
Potions
 d - a potion of might
 h - a potion of ambrosia {unknown}
 i - a potion of degeneration {unknown}
 r - a potion of haste {unknown}
Comestibles
 t - a ration


   Skills:
 + Level 4.7 Fighting
 + Level 3.6 Polearms
 + Level 3.3 Dodging
 + Level 0.2 Stealth
 + Level 3.3 Shields


You had 4 spell levels left.
You didn't know any spells.
Your spell library was empty.

Dungeon Overview and Level Annotations

Branches:
Dungeon (3/15)

Altars:
Elyvilon


Innate Abilities, Weirdness & Mutations

You are too large for most types of armour.
You have tough skin. (AC +1)


Message History

The orc priest invokes the aid of Beogh against you.
Pain shoots through your body!
* * * LOW HITPOINT WARNING * * *
An orc comes into view. It is wielding a +0 mace.
Wield which item (- for none, * to show all)? (? for menu, Esc to quit)
Okay, then.
You feel better. You block the orc priest's attack.
Okay, then.
The orc priest hits you with a +1 hand axe of chopping!
* * * LOW HITPOINT WARNING * * *
x2
Things that are here:
a +0 club; a hobgoblin corpse The orc hits you but does no damage.
You block the orc's attack.
The orc priest calls down the wrath of Beogh upon you.
Beogh smites you!
* * * LOW HITPOINT WARNING * * *
The orc priest mumbles some strange prayers to Beogh against you.
Beogh smites you!
You die...

.....#####.# #.. #.......#
#.# ### #..†# #.# ##'## #.#
##...## #.# ##....o## ##.#
##.....o.## ##..#
###........o####...##########
..'.....)o.o@..>.............
###.........####...#########.
##.......## ##.## #.
##.....## #[# #. ##...## #.#
#. ##+## #.# #. #.# ## #..
###


You could see an orc priest and 4 orcs.

Vanquished Creatures
  A crimson imp (D:3)
  An orc priest (D:3)
  Jessica (D:3)
  2 worms (D:2)
  A dart slug (D:3)
  A leopard gecko (D:2)
  2 orcs
  A giant cockroach (D:3)
  3 goblins (D:2)
  11 hobgoblins
  A quokka (D:3)
  3 bats
  2 frilled lizards
  5 kobolds
  5 rats
40 creatures vanquished.

Notes
Turn   | Place    | Note
-------+----------+-------------------------------------------
     0 | D:1      | CleoDaCat the Ogre Fighter began the quest for the Orb.
     0 | D:1      | Reached XP level 1. HP: 24/24 MP: 1/1
   247 | D:2      | Reached XP level 2. HP: 32/32 MP: 2/2
   313 | D:2      | Found a white marble altar of Elyvilon.
   656 | D:2      | Reached XP level 3. HP: 35/39 MP: 3/3
   835 | D:3      | Reached XP level 4. HP: 36/49 MP: 4/4
  1651 | D:3      | Noticed Jessica
  1656 | D:3      | Killed Jessica
  1656 | D:3      | Reached XP level 5. HP: 55/55 MP: 5/5
  1724 | D:3      | Killed from afar by an orc priest

Levels and vault maps discovered:
D:1:      minmay_arrival_semitransparent, layout_basic
D:2:      layout_basic, elyvilon_altar_3
D:3:      layout_loops_corners, uniq_jessica

Skill      XL: |  1  2  3 |
---------------+----------+-----
Dodging        | 3 |  3.3
Shields        | 3 |  3.3
Polearms       | 3 |  3.6
Fighting       | |  4.7
Stealth        | |  0.2

Action                   |  1- 3 |  4- 6 || total
-------------------------+-------+-------++-------
Melee: Trident           |    77 |    52 ||   129
  Use: Potion            |     2 |     3 ||     5
       Scroll            |     1 |       ||     1
  Eat: Ration            |       |     1 ||     1
Armor: Robe              |    28 |    13 ||    41
Dodge: Dodged            |    28 |    22 ||    50
Block: Shield            |    47 |    39 ||    86

Table legend:
 A = Non-vault XP
 B = Vault XP
 C = Vault XP percentage of total XP
 D = Non-vault monster count
 E = Vault monster count
 F = Vault count percentage of total count
                 A         B        C        D         E       F
            +---------+---------+-------+---------+---------+-------
      Total |     160 |      37 |  18.8 |      39 |       1 |   2.5
            +---------+---------+-------+---------+---------+-------
        D:1 |       6 |       0 |   0.0 |       4 |       0 |   0.0
        D:2 |      41 |       0 |   0.0 |      20 |       0 |   0.0
        D:3 |     113 |      37 |  24.7 |      15 |       1 |   6.2
            +---------+---------+-------+---------+---------+-------
